 Dungeon Crawl Stone Soup version 0.24.0-13-gcf9b3192b9 (webtiles) character file.

Game seed: 5038352418276284136, levelgen mode: deterministic

26 Esekla the Skirmisher (level 3, -2/20 HPs)
             Began as a Vine Stalker Abyssal Knight on Nov 10, 2019.
             Was a Follower of Lugonu.
             Slain by a leopard gecko (4 damage)
             ... on level 1 of the Dungeon.
             The game lasted 00:03:58 (264 turns).

Esekla the Skirmisher (Vine Stalker Abyssal Knight)  Turns: 264, Time: 00:03:59

Health: -2/20      AC:  5    Str: 14    XL:     3   Next: 8%
Magic:  0/5        EV: 11    Int: 12    God:    Lugonu [*.....]
Gold:   24         SH:  0    Dex: 14    Spells: 2/2 levels left

rFire    . . .     SeeInvis .   a - +1 falchion
rCold    + . .     Gourm    .   (no shield)
rNeg     . . .     Faith    .   b - +0 leather armour
rPois    .         Spirit   +   (no helmet)
rElec    .         Reflect  .   (no cloak)
rCorr    .         Harm     .   d - +1 pair of gloves
MR       .....                  (no boots)
Stlth    +.........             (no amulet)
HPRegen  0.06/turn              e - ring of protection from cold
MPRegen  0.09/turn              (no ring)

@: no status effects
A: fangs 2, magic shield, antimagic bite, no potion heal 3, rot immunity
a: Depart the Abyss, Renounce Religion


You were on level 1 of the Dungeon.
You worshipped Lugonu.
Lugonu was aware of your devotion.
You were not hungry.

You visited 1 branch of the dungeon, and saw 1 of its levels.
You visited the Abyss 1 time.

You collected 24 gold pieces.

Inventory:

Hand Weapons
 a - a +1 falchion (weapon)
Armour
 b - a +0 leather armour (worn)
 d - a +1 pair of gloves (worn)
Jewellery
 e - a ring of protection from cold (left hand)
Potions
 f - 2 potions of flight {unknown}
Comestibles
 c - 2 rations


   Skills:
 * Level 3.4 Fighting
 + Level 2.2 Long Blades
 + Level 1.6 Armour
 + Level 0.7 Dodging
 + Level 1.7 Invocations


You had 2 spell levels left.
You didn't know any spells.
Your spell library was empty.

Dungeon Overview and Level Annotations

Branches:
Dungeon (1/15)

Altars:
Zin


Innate Abilities, Weirdness & Mutations

You have extremely sharp teeth.
When hurt, damage is shared between your health and your magic reserves.
Your bite disrupts and absorbs the magic of your enemies.
Potions cannot restore your health.
You are immune to rotting.


Message History

The ooze is heavily wounded.
The ooze hits you but does no damage.
You hit the ooze.
The ooze is severely wounded.
The ooze closely misses you.
You slash the ooze!
You kill the ooze!
Lugonu accepts your kill.
You have reached level 3!
Your experience leads to an increase in your attributes!
Increase (S)trength, (I)ntelligence, or (D)exterity?
You feel agile. The bat hits you but does no damage. The bat barely misses you.
You barely miss the bat.
The bat is severely wounded.
The bat barely misses you.
You closely miss the leopard gecko. The leopard gecko bites you.
You closely miss the leopard gecko. Your bite misses the leopard gecko.
The leopard gecko bites you.
You die...

........#
####)##..♣♣.#...
........#
#.########...
.......########.#
#>§§≈'...
.....#.......#.#
######<..
#.......#.###### ####
#...............#
#...........(....
#....)....(...... #
####@#...........
#.#.#####l#...........
#........b............
###.#................
#..#....#.........
#..#...(..##.....#.
##.^............##
#............#.#
..............#..


You could see a leopard gecko and a bat.

Vanquished Creatures
  An ooze (D:1)
  A leopard gecko (D:1)
  3 bats (D:1)
  4 goblins (D:1)
  4 jackals (D:1)
  2 kobolds (D:1)
  2 frilled lizards (D:1)
17 creatures vanquished.

Notes
Turn   | Place    | Note
-------+----------+-------------------------------------------
     0 | Abyss:1  | Esekla the Vine Stalker Abyssal Knight began the quest for
                  | the Orb.
     0 | Abyss:1  | Reached XP level 1. HP: 11/11 MP: 3/3
    77 | Abyss:1  | Noticed a ynoxinul
    81 | Abyss:1  | Noticed a spatial vortex
   109 | Abyss:1  | Noticed a large abomination
   110 | Abyss:1  | Noticed a flying skull
   115 | D:1      | Escaped the Abyss
   123 | D:1      | Found a glowing silver altar of Zin.
   146 | D:1      | Reached skill level 3 in Fighting
   148 | D:1      | Reached * piety under Lugonu
   156 | D:1      | Reached XP level 2. HP: 5/16 MP: 4/4
   261 | D:1      | Reached XP level 3. HP: 1/20 MP: 1/5
   264 | D:1      | Slain by a leopard gecko

Levels and vault maps discovered:
D:1:      sevenhm_arrival_forest_fort_small_6, layout_rooms

Skill      XL: |  1  2 |
---------------+-------+-----
Fighting       | 3 |  3.4
Long Blades    | 2 |  2.2
Armour         | |  1.6
Dodging        | |  0.7
Invocations    | |  1.7

Action                   || total
-------------------------++-------
Melee: Falchion          ||    50
       Bite              ||     8
Invok: Depart the Abyss  ||     1
Armor: Leather armour    ||    33
Dodge: Dodged            ||    35
       Rpst.: Falchion   ||     8
